Map: Catalyst LE

Players

MaSa

  • Race: Terran Terran
  • Spawn Location: 11:00

HellraiseR - Winner!

  • Race: Protoss Protoss
  • Spawn Location: 5:00

Event: WCS Valencia 2018

VOD

Have the link to the VOD?

Description

Time

  • Played on: July 12, 2018, 7:29 a.m.
  • Length: 13:42

All games in this series

Show
View Real Time Build Order
Export as new Build Order

MaSa Terran 

Build Orders: Gas First Reaper Expand, Reaper Expand, Banshee Rush 

Get SALT Encoding   

  12  0:00  SCV  
  13  0:12  SCV  
  14  0:17  Supply Depot  
  14  0:24  SCV  
  14  0:27  Refinery  
  15  0:38  SCV  
  16  0:44  Barracks  
  16  0:50  SCV  
  17  1:03  SCV  
  18  1:15  SCV  
  19  1:31  Reaper, Orbital Command  
  20  1:46  Command Center  
  20  1:55  Factory  
  20  1:58  SCV  
  21  2:04  Barracks Reactor  
  21  2:13  SCV  
  21  2:14  Bunker  
  22  2:20  Supply Depot  
  22  2:25  SCV  
  22  2:28  Refinery  
  23  2:41  Marine x2  
  23  2:42  SCV  
  25  2:50  Widow Mine  
  27  2:52  Starport  
  27  2:55  SCV  
  27  3:12  SCV, Factory Tech Lab  
  28  3:13  Marine  
  28  3:14  Marine  
  30  3:24  SCV  
  31  3:28  Orbital Command  
  31  3:31  Marine  
  32  3:36  SCV  
  32  3:38  Cloaking Field  
  33  3:44  Banshee  
  33  3:48  Marine  
  37  3:49  Marine  
  37  3:52  Factory Tech Lab  
  37  3:55  SCV  
  39  3:57  SCV  
  40  4:04  Supply Depot  
  40  4:07  SCV  
  40  4:09  Engineering Bay  
  41  4:10  SCV  
  41  4:16  Siege Tank  
  45  4:19  SCV  
  46  4:25  Marine x2  
  46  4:26  SCV  
  46  4:30  Banshee  
  52  4:32  SCV  
  52  4:38  SCV  
  54  4:40  Supply Depot  
  54  4:42  Missile Turret  
  54  4:58  SCV  
  54  5:02  SCV, Siege Tank  
  54  5:06  Supply Depot  
  58  5:08  Marine x2  
  58  5:10  SCV  
  61  5:17  Banshee  
  62  5:24  SCV  
  62  5:31  SCV  
  62  5:47  Terran Infantry Weapons Level 1  
  62  5:52  Command Center  
  62  5:54  Barracks  
  62  5:55  Marine x2  
  62  5:56  SCV  
  65  5:59  Supply Depot  
  65  6:02  SCV  
  66  6:05  Banshee  
  66  6:10  SCV  
  70  6:21  SCV, Siege Tank  
  70  6:22  SCV  
  70  6:24  Refinery  
  75  6:30  Refinery  
  75  6:34  SCV  
  75  6:36  SCV  
  75  6:37  Supply Depot  
  77  6:44  Barracks Tech Lab  
  77  6:46  SCV, Barracks  
  78  6:56  Supply Depot  
  78  6:59  SCV, Siege Tank, Banshee  
  85  7:02  SCV  
  85  7:04  Stimpack  
  86  7:09  Orbital Command  
  83  7:17  SCV  
  83  7:20  SCV, Marine x3  
  76  7:29  SCV  
  71  7:32  Siege Tank  
  71  7:36  SCV  
  72  7:38  Marine  
  72  7:39  Barracks Tech Lab  
  73  7:50  Marine x2  
  72  7:52  Barracks  
  72  7:55  SCV x2  
  72  7:56  SCV, Marine  
  72  7:57  Terran Infantry Armor Level 1, Barracks  
  73  8:00  Marine  
  73  8:03  Combat Shields  
  73  8:04  Starport Reactor  
  74  8:06  Siege Tank  
  74  8:08  SCV x2, Marine  
  80  8:14  Marine x2  
  80  8:15  Supply Depot  
  80  8:17  SCV  
  80  8:18  Marine  
  84  8:24  SCV x2  
  84  8:25  Missile Turret  
  84  8:26  Marine  
  87  8:29  SCV  
  87  8:32  Marine  
  88  8:36  SCV x2  
  88  8:38  Marauder x2  
  88  8:40  Missile Turret  
  94  8:43  Barracks Reactor, Marine  
  94  8:45  Orbital Command  
  95  8:48  SCV  
  95  8:49  SCV, Marine  
  95  8:50  Marauder  
  95  8:51  Medivac  
  95  8:54  Medivac  
  104  8:59  Marine, Marauder  
  104  9:00  SCV  
  108  9:04  SCV  
  108  9:05  Marine  
  108  9:06  Armory  
  109  9:11  Marauder  
  109  9:13  Marine  
  109  9:17  Marauder  
  109  9:20  Marine  
  109  9:21  Medivac  
  109  9:23  Marine  
  109  9:24  SCV  
  116  9:25  Engineering Bay  
  116  9:27  Marine  
  117  9:34  Supply Depot, Refinery  
  117  9:39  Supply Depot  
  117  9:53  Marine x2  
  117  9:54  Marine x2  
  117  9:55  Widow Mine, Marauder x3  
  117  9:59  Viking  
  111  10:00  Viking  
  111  10:03  Starport  
  111  10:04  SCV  
  114  10:10  Terran Infantry Weapons Level 2  
  114  10:11  Marine x2  
  114  10:12  Marine x2  
  118  10:17  Marauder x3  
  118  10:19  Siege Tank  
  125  10:29  Marine x2  
  125  10:32  Marine x2  
  125  10:33  Viking x2  
  125  10:35  Supply Depot x3  
  116  10:38  Marauder x3  
  116  10:47  Viking  
  113  10:56  Marine x2  
  114  10:57  Marine  
  114  11:00  Marauder  
  95  11:05  Marine  
  89  11:14  Medivac  
  91  11:24  SCV  
  92  11:26  SCV  
  92  11:29  Marine  
  94  11:36  SCV  
  92  11:40  Marine x2, Marauder  
  92  11:45  SCV, Marauder  
  76  12:02  SCV, Marine, Marauder  
  76  12:05  Marine  
  76  12:06  Marine x2, Marauder  
  59  12:14  Marauder  
  59  12:15  SCV x2  
  59  12:19  Marine  
  55  12:23  Marine, Marauder  
  55  12:27  SCV, Marine x2  
  55  12:28  Marauder  
  55  12:34  Medivac  
  55  12:35  Marauder  
  59  12:37  Medivac  
  59  12:42  Medivac  
  59  12:44  Concussive Shells  
  63  12:45  SCV  
  63  12:47  SCV  
  63  12:49  Marine  
  66  12:53  Marauder  
  66  12:56  Marauder  
  66  12:58  SCV  
  67  12:59  SCV  
  67  13:01  Marine x2  
  67  13:05  Widow Mine  
  72  13:11  SCV  
  73  13:19  Marine x3, Marauder  
  60  13:30  SCV  
Show
View Real Time Build Order
Export as new Build Order

HellraiseR Protoss - Winner!

Build Orders: Colossus Rush 

Get SALT Encoding   

  12  0:00  Probe  
  13  0:12  Probe  
  14  0:18  Pylon  
  14  0:21  Probe  
  15  0:32  Probe  
  15  0:37  Gateway  
  15  0:42  Probe  
  16  0:48  Assimilator  
  17  0:54  Probe  
  18  1:06  Probe  
  19  1:16  Zealot  
  19  1:18  Probe  
  20  1:24  Cybernetics Core  
  22  1:30  Probe  
  23  1:40  Pylon  
  23  1:52  Nexus, Stalker  
  23  2:06  Warp Gate  
  23  2:07  Probe  
  26  2:13  Assimilator  
  26  2:19  Probe  
  27  2:23  Stalker  
  29  2:32  Probe  
  30  2:44  Probe  
  29  2:53  Pylon  
  29  2:56  Probe  
  30  3:06  Probe  
  30  3:07  Probe  
  30  3:11  Gateway x2  
  30  3:14  Probe  
  30  3:15  Probe  
  32  3:24  Probe  
  32  3:26  Robotics Facility  
  32  3:28  Probe  
  34  3:36  Probe  
  34  3:40  Probe  
  36  3:47  Shield Battery  
  36  3:48  Probe  
  36  3:53  Probe  
  38  4:00  Probe  
  39  4:05  Probe  
  39  4:07  Observer  
  39  4:08  Adept x2  
  39  4:09  Adept  
  46  4:11  Pylon  
  46  4:13  Probe  
  48  4:17  Probe  
  48  4:18  Robotics Bay  
  49  4:25  Observer, Probe  
  49  4:26  Assimilator  
  49  4:28  Assimilator  
  49  4:30  Probe  
  52  4:37  Probe  
  53  4:42  Probe  
  53  4:43  Shield Battery  
  54  4:47  Observer  
  54  4:52  Stalker x3  
  61  4:54  Probe  
  62  5:00  Pylon  
  62  5:02  Pylon  
  62  5:15  Colossus  
  62  5:20  Probe  
  62  5:21  Sentry, Probe  
  66  5:24  Stalker x2  
  67  5:32  Probe  
  71  5:37  Pylon  
  71  5:47  Stalker x3  
  76  5:51  Pylon  
  76  5:53  Pylon  
  76  5:58  Colossus  
  76  6:10  Zealot x3  
  86  6:24  Gateway  
  86  6:27  Forge  
  86  6:29  Forge  
  86  6:33  Sentry, Zealot x2  
  86  6:36  Probe x2  
  92  6:45  Warp Prism  
  89  6:48  Probe  
  89  6:52  Extended Thermal Lance  
  91  6:58  Protoss Ground Weapons Level 1, Protoss Ground Armor Level 1  
  91  7:00  Zealot  
  94  7:02  Pylon  
  94  7:14  Probe  
  89  7:16  Probe  
  89  7:21  Stalker x2  
  83  7:27  Probe  
  83  7:28  Colossus  
  83  7:29  Probe  
  79  7:39  Probe  
  86  7:45  Twilight Council  
  86  7:47  Stalker x2  
  86  7:48  Stalker  
  92  7:59  Nexus  
  92  8:04  Charge  
  92  8:07  Probe x2  
  92  8:12  Colossus  
  94  8:19  Probe  
  95  8:27  Probe  
  102  8:29  Pylon  
  102  8:30  Pylon  
  100  8:37  Gateway  
  100  8:38  Gateway  
  100  8:49  Sentry, Zealot x3  
  103  9:10  Stalker x3  
  103  9:12  Protoss Ground Weapons Level 2, Protoss Ground Armor Level 2  
  109  9:22  Zealot  
  111  9:25  Probe x2  
  113  9:41  Zealot  
  113  9:42  Zealot x3  
  121  9:47  Zealot x2  
  125  9:57  Colossus  
  127  10:04  Stalker x3  
  123  10:24  Zealot x3  
  127  10:52  Stalker x4  
  127  10:53  Stalker  
  88  11:17  Zealot x3  
  88  11:18  Zealot x3  
  94  11:19  Probe x2  
  94  11:20  Probe  
  97  11:26  Photon Cannon  
  97  11:31  Probe x2  
  100  11:43  Sentry x2  
  100  11:45  Zealot x3  
  100  11:46  Zealot  
  109  11:47  Observer  
  110  12:00  Warp Prism  
  78  12:14  Zealot x6  
  84  12:36  Zealot x6  
  96  12:43  Templar Archives  
  96  12:58  Sentry x4  
  96  12:59  Sentry x2  
  96  13:22  Stalker x6  
Tags
 
Add a new tag
Caveats
  • Supply blocks, unpowered buildings, or Contaminate may cause inaccurate times.
  • Supply counts are checked every 10 seconds.